Map: Alcyone LE

Players

A.I. 1 (Elite)

  • Race: Protoss Protoss
  • Spawn Location: 7:00

Phreek - Winner!

  • Race: Zerg Zerg
  • Spawn Location: 1:00

VOD

Have the link to the VOD?

Description

Time

  • Played on: April 21, 2024, 4:27 p.m.
  • Length: 11:48
Show
View Real Time Build Order
Export as new Build Order

A.I. 1 (Elite) Protoss 

Build Orders:  

Get SALT Encoding   

  12  0:00  Probe  
  13  0:13  Probe  
  14  0:19  Pylon  
  14  0:25  Probe  
  15  0:33  Probe  
  15  0:41  Probe  
  16  0:47  Assimilator  
  16  0:49  Gateway  
  17  0:51  Probe  
  18  1:00  Probe, Pylon  
  19  1:08  Probe  
  19  1:18  Probe  
  21  1:35  Gateway  
  21  1:36  Probe  
  21  1:38  Zealot  
  24  1:40  Cybernetics Core  
  24  1:48  Pylon  
  24  1:49  Probe  
  25  1:56  Zealot  
  25  2:01  Probe  
  28  2:10  Assimilator  
  28  2:13  Probe  
  29  2:18  Warp Gate  
  29  2:22  Adept  
  29  2:23  Adept  
  29  2:25  Probe  
  34  2:35  Pylon  
  34  2:37  Probe  
  35  2:49  Probe  
  36  2:52  Sentry  
  36  2:53  Adept  
  40  3:00  Probe  
  41  3:08  Probe  
  42  3:14  Nexus  
  42  3:21  Stalker, Probe  
  45  3:33  Probe  
  46  3:37  Stargate  
  46  3:45  Probe  
  46  3:47  Pylon  
  47  4:05  Adept, Probe  
  51  4:17  Probe  
  51  4:19  Stargate  
  51  4:22  Probe  
  51  4:29  Probe  
  51  4:30  Probe  
  54  4:40  Probe  
  54  4:41  Probe  
  54  4:43  Void Ray  
  60  4:45  Zealot  
  60  4:51  Pylon  
  60  4:52  Probe  
  63  4:53  Probe  
  68  5:08  Void Ray  
  68  5:09  Probe  
  68  5:11  Probe  
  70  5:17  Void Ray, Adept, Pylon  
  70  5:20  Adept  
  78  5:34  Assimilator  
  78  5:35  Probe  
  79  5:36  Assimilator, Probe  
  79  5:37  Stalker  
  79  5:40  Stalker, Pylon  
  84  5:54  Stalker  
  86  5:58  Probe x2  
  86  6:02  Pylon  
  88  6:04  Void Ray  
  88  6:10  Probe  
  93  6:11  Probe  
  93  6:17  Forge  
  94  6:19  Robotics Facility  
  94  6:20  Forge  
  94  6:22  Probe, Pylon  
  94  6:23  Probe  
  96  6:31  Probe  
  96  6:34  Probe  
  96  6:37  Protoss Ground Weapons Level 1  
  96  6:39  Probe  
  98  6:40  Stalker  
  98  6:44  Pylon  
  98  6:45  Stalker  
  98  6:46  Probe  
  104  6:50  Protoss Ground Armor Level 1  
  104  7:03  Sentry  
  104  7:05  Observer  
  104  7:07  Pylon  
  104  7:08  Stalker  
  108  7:09  Gateway  
  108  7:14  Pylon  
  109  7:26  Photon Cannon, Stalker  
  115  7:31  Void Ray  
  115  7:35  Photon Cannon  
  115  7:38  Pylon  
  119  7:45  Void Ray  
  119  7:59  Photon Cannon  
  119  8:00  Photon Cannon  
  119  8:07  Twilight Council  
  119  8:08  Phoenix  
  121  8:17  Warp Prism  
  123  8:22  Phoenix  
  125  8:27  Pylon  
  125  8:32  Photon Cannon  
  125  8:38  Stargate  
  125  8:40  Gateway, Stalker  
  127  8:43  Blink  
  127  8:44  Stalker  
  129  8:53  Warp Prism  
  131  8:58  Protoss Ground Weapons Level 2  
  131  9:06  Protoss Air Weapons Level 1, Photon Cannon  
  131  9:11  Void Ray  
  135  9:24  Pylon  
  135  9:27  Void Ray  
  135  9:31  Gateway  
  139  9:42  Void Ray  
  139  9:46  Zealot x4  
  139  9:47  Immortal  
  139  9:51  Pylon  
  125  10:06  Zealot x2, Stalker x2  
  89  10:25  Stalker  
  89  10:26  Zealot x2, Immortal  
  95  10:29  Zealot x2  
  83  10:43  Gateway, Void Ray  
  83  10:44  Zealot  
  83  10:46  Stalker  
  83  10:47  Stalker  
  83  10:48  Sentry  
  83  10:49  Zealot  
  81  10:54  Probe  
  70  10:58  Zealot  
  54  11:06  Probe  
  54  11:09  Zealot, Stalker  
  54  11:10  Zealot  
  54  11:11  Adept  
  63  11:14  Zealot  
  63  11:18  Probe  
  59  11:29  Adept, Probe  
Show
View Real Time Build Order
Export as new Build Order

Phreek Zerg - Winner!

Build Orders: Hatch First 

Get SALT Encoding   

  12  0:01  Drone  
  13  0:13  Overlord  
  13  0:18  Drone  
  14  0:31  Drone x2  
  16  0:52  Hatchery  
  16  0:56  Drone  
  16  0:57  Drone  
  17  1:11  Extractor  
  16  1:13  Spawning Pool  
  16  1:15  Drone  
  16  1:19  Drone  
  16  1:22  Drone  
  18  1:28  Drone  
  19  1:39  Drone  
  20  1:50  Overlord  
  20  2:03  Queen  
  20  2:04  Queen  
  20  2:07  Drone x2  
  27  2:15  Drone x2  
  28  2:24  Drone  
  28  2:27  Drone  
  30  2:34  Overlord  
  30  2:49  Hatchery  
  29  2:54  Queen  
  29  2:57  Lair  
  31  3:01  Drone  
  31  3:02  Drone x3  
  35  3:06  Overlord  
  35  3:17  Drone x4  
  35  3:18  Drone  
  40  3:23  Drone x2  
  40  3:26  Extractor  
  41  3:35  Drone x4  
  41  3:36  Extractor  
  44  3:57  Drone x3  
  48  4:02  Drone  
  48  4:03  Drone x2  
  50  4:12  Hydralisk Den  
  50  4:15  Infestation Pit  
  48  4:25  Queen  
  48  4:26  Queen x2  
  48  4:30  Drone x4  
  58  4:33  Overlord x3  
  58  4:34  Overlord  
  58  4:35  Overlord  
  58  4:58  Drone x10  
  68  5:01  Queen x3  
  74  5:07  Extractor  
  74  5:13  Drone x9  
  82  5:24  Overlord x2  
  82  5:25  Overlord x3  
  82  5:40  Extractor  
  82  5:42  Extractor  
  80  5:48  Zergling x4  
  80  5:49  Zergling x12  
  88  5:56  Hatchery  
  87  6:11  Hive  
  87  6:14  Pneumatized Carapace, Burrow  
  87  6:23  Hydralisk  
  87  6:24  Hydralisk x11  
  111  6:38  Metabolic Boost  
  111  6:42  Grooved Spines  
  111  6:44  Neural Parasite  
  111  6:48  Zergling x2  
  111  6:49  Zergling x18  
  121  6:57  Queen  
  123  7:03  Zergling x6  
  123  7:06  Overlord  
  126  7:12  Overlord x2  
  126  7:18  Overlord  
  126  7:25  Queen  
  128  7:32  Zergling x22  
  128  7:33  Muscular Augments  
  139  7:42  Zergling x2  
  139  7:43  Zergling x4  
  142  7:53  Baneling Nest  
  142  7:54  Zergling x18  
  142  7:58  Zergling x6  
  153  8:30  Zergling x30  
  168  8:37  Baneling x15  
  168  8:38  Baneling x7  
  168  8:39  Baneling x2  
  168  8:41  Overlord  
  168  8:42  Overlord x2  
  168  9:06  Hydralisk x11  
  190  9:15  Overlord x2  
  190  9:20  Overlord x3  
  190  9:25  Zergling x2  
  190  9:26  Zergling x2  
  192  9:49  Zergling x10  
  192  9:50  Zergling x12  
  188  10:15  Zergling x18  
  184  11:06  Zergling x2  
  184  11:07  Zergling x30  
Tags
 
Matchup
PvZ
Spawn Locations
Cross Positions
Add a new tag
Caveats
  • Supply blocks, unpowered buildings, or Contaminate may cause inaccurate times.
  • Supply counts are checked every 10 seconds.